 Dungeon Crawl Stone Soup version 0.28-a0-1080-g05a166d0ed (webtiles) character file.

Game seed: 14578469249679377278

7130 fragbeetle the Geomancer (level 11, -2/64 HPs)
             Began as a Gargoyle Earth Elementalist on Dec 9, 2021.
             Was a Follower of Vehumet.
             Shot with an arrow by a centaur warrior (24 damage)
             ... on level 9 of the Dungeon on Dec 10, 2021.
             The game lasted 00:51:17 (13603 turns).

fragbeetle the Geomancer (GrEE)                    Turns: 13603, Time: 00:51:17

Health: -2/64      AC: 11    Str: 12    XL:     11   Next: 10%
Magic:  25/25      EV: 12    Int: 20    God:    Vehumet [*.....]
Gold:   494        SH:  0    Dex: 10    Spells: 24/31 levels left

rFire   + . .      SeeInvis .   k - staff of earth
rCold   . . .      Faith    .   (no shield)
rNeg    + + .      Spirit   .   b - +0 robe
rPois   ∞          Reflect  .   (no helmet)
rElec   +          Harm     .   (no cloak)
rCorr   .          Rampage  .   w - +0 pair of gloves
Will    .....                   (no boots)
Stlth   ++........              (no amulet)
HPRegen 0.20/turn               d - ring of positive energy
MPRegen 0.19/turn               A - ring of protection from fire

@: about to teleport
A: sickness immunity, AC +8, negative energy resistance 1, electricity
resistance, torment resistance 1, petrification resistance
a: Renounce Religion


You were on level 9 of the Dungeon.
You worshipped Vehumet.
Vehumet was aware of your devotion.
You visited 2 branches of the dungeon, and saw 10 of its levels.

You collected 591 gold pieces.
You spent 97 gold pieces at shops.

Inventory:

Hand Weapons
 a - a +0 dagger of draining
 g - a +0 whip
 i - a +0 dagger of venom
 q - a +2 antimagic flail
 r - a +3 flail
 E - a +6 scimitar
Missiles
 o - a throwing net
 x - 106 stones
Armour
 b - a +0 robe (worn)
 m - a +2 ring mail of poison resistance
 w - a +0 pair of gloves (worn)
Magical Staves
 k - a staff of earth (weapon)
 v - a staff of cold
Jewellery
 c - an amulet of faith
 d - a ring of positive energy (left hand)
 A - a ring of protection from fire (right hand)
 C - a +4 ring of slaying
Wands
 z - a wand of acid (7)
 B - a wand of digging (6)
 D - a wand of iceblast (12)
Scrolls
 e - 2 scrolls of teleportation
 f - 2 scrolls of identify
 h - 2 scrolls of magic mapping
 j - 3 scrolls of fog
 t - 2 scrolls of fear
 y - a scroll of brand weapon
Potions
 l - 4 potions of curing
 n - a potion of haste
 p - a potion of lignification
 s - 3 potions of attraction
 u - a potion of degeneration
 F - a potion of mutation {unknown}


   Skills:
 * Level 6.1 Fighting
 - Level 0.5 Short Blades
 - Level 0.9(1.2) Maces & Flails
 + Level 1.3(1.5) Staves
 - Level 2.0 Dodging
 - Level 2.2 Stealth
 * Level 10.5 Spellcasting
 + Level 5.9 Conjurations
 + Level 0.7 Transmutations
 + Level 11.4 Earth Magic


You had 24 spell levels left.
You knew the following spells:

 Your Spells              Type           Power      Damage    Failure   Level
a - Sandblast             Erth           100%       2d20      1%          1
b - Stone Arrow           Conj/Erth      100%       3d13      1%          3
c - Passwall              Tmut/Erth      42%        N/A       1%          2
d - Foxfire               Conj/Fire      88%        2x1d8     1%          1

Your spell library contained the following spells:

 Spells                   Type           Power      Damage    Failure   Level
 Petrify                  Tmut/Erth      51%        N/A       5%          4
 Corpse Rot               Necr/Air       20%        N/A       10%         2
 Ensorcelled Hibernation  Hex/Ice        20%        N/A       10%         2
 Spider Form              Tmut/Pois      12%        N/A       17%         3
 Hailstorm                Conj/Ice       22%        3d7       19%         4
 Ice Form                 Ice/Tmut       12%        N/A       50%         4
 Dispel Undead            Necr           10%        3d9       54%         4
 Death Channel            Necr           5%         N/A       100%        6
 Simulacrum               Ice/Necr       5%         N/A       100%        6


Dungeon Overview and Level Annotations

Branches:
Dungeon (9/15)             Temple (1/1) D:7            Lair (0/6) D:9
    Orc: D:9-12

Altars:
Ashenzari
Cheibriados
Dithmenos
Elyvilon
Fedhas
Gozag
Hepliaklqana
Kikubaaqudgha
Makhleb
Nemelex Xobeh
Okawaru
Qazlal
Ru
Sif Muna
Trog
Uskayaw
Vehumet
Wu Jian
Xom
Yredelemnul
Zin
The Shining One

Shops:
D:6 ?

Annotations:
D:4 1 runed translucent door, Crazy Yiuf


Innate Abilities, Weirdness & Mutations

You are immune to sickness and miasma.
Your stone body is resilient. (AC +8)
You are immune to poison.
You resist negative energy. (rN+)
You are resistant to electric shocks. (rElec)
You are resistant to unholy torment.
You are immune to petrification.


Message History

Confirm with . or Enter, or press ? or * to list all spells.
Aiming: Stone Arrow (safe; 1% risk of failure)
Press: ? - help, Shift-Dir - straight line, f - electric eel
Aim: an electric eel (water, 63% to hit)
You feel a surge of power!
The stone arrow hits the electric eel!!
You kill the electric eel!
Vehumet accepts your kill.
You now have 475 gold pieces (gained 11).
F - a dark potion
Things that are here:
18 arrows; a +0 shortbow; a centaur skeleton
Found a staircase to the Lair.
You now have 494 gold pieces (gained 19).
There is a staircase to the Lair here.
You enter the shallow water.
Moving in this stuff is going to be slow.
A killer bee comes into view.
Found a Trismegistus Codex.
The killer bee buzzes angrily.
Casting: Stone Arrow (safe; 1% risk of failure)
Confirm with . or Enter, or press ? or * to list all spells.
Aiming: Stone Arrow (safe; 1% risk of failure)
Press: ? - help, Shift-Dir - straight line, f - killer bee
Aim: a killer bee (55% to hit)
You feel a surge of power!
The stone arrow hits the killer bee!!
You kill the killer bee!
Vehumet accepts your kill.
A cyclops comes into view.
You open the door.
There is an open door here.
A bullfrog comes into view.
A centaur warrior comes into view.
The centaur warrior wields a +0 shortbow.
The centaur warrior shoots an arrow.
The arrow hits you!!
The centaur warrior shoots an arrow.
The arrow hits you!
The centaur warrior shoots an arrow.
The arrow hits you!
As you read the scroll of teleportation, it crumbles to dust.
You feel strangely unstable.
The centaur warrior shoots an arrow.
The arrow hits you!!
You die...

###
##################...
....................#
....................#
....................#
...##########.......#
...#........#.......#
...#........#.......#
...#........##..@...###
...#.........#..........
...#.........'..........
.........c..............
........................
.....≈...≈.≈............
...≈.≈≈≈≈.≈≈..########'#
≈≈≈≈≈.≈≈≈≈≈.≈... ..
..≈≈≈≈≈≈≈≈≈..≈...


You could see a centaur warrior.

Vanquished Creatures
  2 two-headed ogres
  A hornet (D:8)
  Prince Ribbit (D:6)
  2 wraiths
  2 steam dragons
  Edmund (D:4)
  2 water moccasins
  Duvessa (D:6)
  2 orc warriors
  A hornet zombie (D:6)
  2 ice beasts
  3 black bears
  2 ogres (D:5)
  2 necrophages (D:4)
  4 wolves (D:8)
  2 centaurs
  3 bullfrogs
  2 scorpions (D:5)
  2 gnoll sergeants
  A wyvern zombie (D:6)
  A wyvern skeleton (D:3)
  2 water moccasin skeletons
  Dowan (D:6)
  14 wights
  12 killer bees
  An electric eel (D:9)
  A centaur zombie (D:6)
  3 jellies
  4 orc priests
  3 hounds
  3 gnoll shamans
  2 bullfrog skeletons
  2 centaur skeletons
  An iguana (D:7)
  Natasha (twice) (D:4)
  8 orc wizards
  19 gnolls
  A howler monkey skeleton (D:5)
  9 adders
  A shadow imp (D:6)
  2 white imps
  2 ufetubi
  A worm (D:2)
  2 dart slugs
  29 orcs
  7 ball pythons
  6 bats
  10 endoplasms
  2 giant cockroaches
  10 hobgoblins
  4 quokkas
  3 frilled lizards
  6 goblins
  A jackal skeleton (D:4)
  12 kobolds
  6 rats
231 creatures vanquished.

Notes
Turn   | Place    | Note
-------+----------+-------------------------------------------
     0 | D:1      | fragbeetle the Gargoyle Earth Elementalist began the quest
                  | for the Orb.
     0 | D:1      | Reached XP level 1. HP: 10/10 MP: 3/3
   142 | D:1      | Reached XP level 2. HP: 15/15 MP: 3/5
   219 | D:1      | Found a faded altar of an unknown god.
   231 | D:1      | Reached skill level 4 in Earth Magic
   398 | D:1      | Reached XP level 3. HP: 19/19 MP: 3/6
   859 | D:2      | Found an ancient bone altar of Kikubaaqudgha.
   899 | D:2      | Learned a level 3 spell: Stone Arrow
   913 | D:2      | Learned a level 2 spell: Passwall
   976 | D:2      | Reached XP level 4. HP: 23/24 MP: 5/8
  2339 | D:3      | Reached skill level 5 in Earth Magic
  2339 | D:3      | Reached XP level 5. HP: 28/28 MP: 6/9
  2550 | D:3      | Found an iron altar of Okawaru.
  2824 | D:3      | Reached skill level 1 in Fighting
  3313 | D:3      | Reached XP level 6. HP: 11/34 MP: 1/11
  3661 | D:4      | Got the Collected Works on the Glacier
  3937 | D:4      | Found a runed translucent door.
  3938 | D:4      | Noticed Crazy Yiuf
  4042 | D:4      | Noticed Natasha
  4042 | D:4      | Noticed Edmund
  4238 | D:5      | Entered Level 5 of the Dungeon
  4330 | D:4      | Reached skill level 6 in Earth Magic
  4710 | D:4      | Noticed an orc warrior
  4791 | D:4      | Killed Natasha
  4921 | D:5      | Reached XP level 7. HP: 38/38 MP: 4/13
  5083 | D:5      | Reached skill level 1 in Conjurations
  5705 | D:5      | Reached skill level 7 in Earth Magic
  5765 | D:5      | Reached skill level 5 in Spellcasting
  6061 | D:5      | Reached XP level 8. HP: 43/43 MP: 1/16
  6580 | D:6      | Found Ijuyfuun's Magic Scroll Boutique.
  6585 | D:6      | Noticed a wraith
  6589 | D:6      | Killed a wraith
  6590 | D:6      | Reached skill level 8 in Earth Magic
  6593 | D:6      | Bought a scroll of fear for 52 gold pieces
  6593 | D:6      | Bought a scroll of teleportation for 45 gold pieces
  6775 | D:6      | Noticed Prince Ribbit
  6785 | D:6      | Killed Prince Ribbit
  7058 | D:6      | Reached skill level 9 in Earth Magic
  7058 | D:6      | Reached XP level 9. HP: 49/49 MP: 8/19
  7616 | D:6      | Found a large runed translucent door.
  7617 | D:6      | Found a large runed translucent door.
  7626 | D:6      | Found a blossoming altar of Fedhas.
  7629 | D:6      | Found a radiant altar of Vehumet.
  7805 | D:4      | Killed Edmund
  8117 | D:4      | Reached skill level 10 in Earth Magic
  8684 | D:4      | Noticed Natasha
  8687 | D:4      | Killed Natasha
  9152 | D:6      | Noticed Dowan
  9677 | D:7      | Reached XP level 10. HP: 58/58 MP: 15/22
 10014 | D:7      | Reached skill level 5 in Conjurations
 10437 | D:7      | Found a staircase to the Ecumenical Temple.
 10446 | Temple   | Entered the Ecumenical Temple
 10653 | D:6      | Became a worshipper of Vehumet
 10778 | D:6      | Killed Dowan
 10778 | D:6      | Noticed Duvessa
 10780 | D:6      | Killed Duvessa
 11580 | D:8      | Noticed a two-headed ogre
 11591 | D:8      | Killed a two-headed ogre
 11592 | D:8      | Reached skill level 5 in Fighting
 11704 | D:8      | Reached skill level 1 in Staves
 11886 | D:8      | Reached skill level 11 in Earth Magic
 12534 | D:9      | Noticed a two-headed ogre
 12540 | D:9      | Killed a two-headed ogre
 12712 | D:9      | Upgraded the game from 0.28-a0-1038-g9c4cb8273d to
                  | 0.28-a0-1080-g05a166d0ed
 12771 | D:9      | Reached skill level 10 in Spellcasting
 12974 | D:8      | Reached XP level 11. HP: 37/64 MP: 20/25
 13227 | D:9      | Reached * piety under Vehumet
 13227 | D:9      | Offered knowledge of Foxfire by Vehumet.
 13487 | D:8      | Learned a level 1 spell: Foxfire
 13525 | D:9      | Found a staircase to the Lair.
 13557 | D:9      | Noticed a cyclops
 13598 | D:9      | Noticed a centaur warrior
 13603 | D:9      | Shot with an arrow by a centaur warrior

Illustrated notes

Levels and vault maps discovered:
D:1:      kilobyte_arrival_exit_the_forest, layout_rooms,
          chequers_ecumenical_altar_simple, lemuel_another_geyser
D:2:      layout_loops_corners, basic_altar, eino_curves_03,
          chequers_serial_rivers_marsh, st_stairs_3
D:3:      cheibrodos_helix_gallery, layout_loops_ring, kennysheep_flooded_box
D:4:      layout_layer_cave, minmay_divided_ellipse, uniq_natasha, uniq_edmund,
          uniq_crazy_yiuf_cottage
D:5:      layout_layer_cave, roderic_roman_lattice, glass_columns_a
D:6:      layout_loops_ring, jmf_multi_god_temple2, serial_shops,
          nicolae_stop_n_shop_2, grunt_ministairs_9, uniq_prince_ribbit1,
          uniq_duvessa
D:7:      layout_gridville, minmay_temple_entry_waves, kennysheep_another_room,
          minmay_diced_spiral
D:8:      layout_cave_pods, serial_column_ruins, column_ruins_circle_large,
          column_ruins_hut, column_ruins_grid_4, column_ruins_columns_straight,
          column_ruins_open_tiny, column_ruins_columns_dead_end
D:9:      layout_irregular_city, erik_lair_island, gammafunk_ghost_cemetery,
          minmay_bent
Temple:   regret_index_temple_chain_breaker

Skill      XL: |  1  2  3  4  5  6  7  8  9 10 11 |
---------------+----------------------------------+-----
Earth Magic    | 4 5 6 7 9 10 11 | 11.4
Dodging        | 2 |  2.0
Spellcasting   | 3 4 5 6 8 10 | 10.5
Fighting       | 1 2 4 5 6 |  6.1
Conjurations   | 2 3 4 5 |  5.9
Staves         | 1 |  1.3
Short Blades   | |  0.5
Maces & Flails | |  0.9
Stealth        | |  2.2
Transmutations | |  0.7

Action                   |  1- 3 |  4- 6 |  7- 9 | 10-12 || total
-------------------------+-------+-------+-------+-------++-------
Melee: Unarmed           |     9 |       |       |       ||     9
       Dagger            |    29 |       |       |       ||    29
       Whip              |    21 |   110 |       |       ||   131
       Staff             |       |    46 |       |     3 ||    49
 Cast: Sandblast         |    29 |    23 |    25 |    24 ||   101
       Stone Arrow       |       |    25 |   119 |    81 ||   225
       Passwall          |       |     1 |       |       ||     1
Evoke: Wand              |       |       |       |     2 ||     2
  Use: Scroll            |       |       |     6 |     4 ||    10
 Stab: Sleeping          |     2 |     2 |       |     1 ||     5
Armor: Robe              |    27 |    67 |    31 |    39 ||   164
Dodge: Dodged            |    41 |   114 |    46 |    72 ||   273

Table legend: (Time is in decaauts)
 A = Elapsed time spent in this place.
 B = Non-inter-level travel time spent in this place.
 C = Inter-level travel time spent in this place.
 D = Time resting spent in this place.
 E = Time spent auto-exploring this place.
 F = Levels seen in this place.
 G = Mean time per level.
                   A        B        C        D        E       F      G
               +--------+--------+--------+--------+--------+-----+--------+
         Total |  13663 |  13287 |    376 |   3982 |   5648 |  10 | 1366.3 |
       Dungeon |  13505 |  13148 |    357 |   3982 |   5528 |   9 | 1500.6 |
        Temple |    158 |    139 |     19 |      0 |    120 |   1 |  158.0 |
               +--------+--------+--------+--------+--------+-----+--------+

Top non-repeatable levels by time:
     D:4: 2893 daAuts
     D:6: 1778 daAuts
     D:8: 1661 daAuts
     D:7: 1579 daAuts
     D:2: 1426 daAuts
     D:3: 1417 daAuts
     D:5: 1352 daAuts
     D:1: 860 daAuts
     D:9: 534 daAuts
  Temple: 158 daAuts
